 Dungeon Crawl Stone Soup version 0.21-a0-578-gc6e9d75 (webtiles) character file.

604 Ketzopolo the Slasher (level 7, 0/53 HPs)
             Began as a Demonspawn Abyssal Knight on Dec 18, 2017.
             Was a Priest of Lugonu.
             Killed from afar by Squigly's ghost (3 damage)
             ... with a puff of flame
             ... on level 6 of the Dungeon.
             The game lasted 00:18:37 (6285 turns).

Ketzopolo the Slasher (Demonspawn Abyssal Knight)   Turns: 6285, Time: 00:18:38

Health: 0/53       AC: 12    Str: 14    XL:     7   Next: 18%
Magic:  9/9        EV: 13    Int: 13    God:    Lugonu [***...]
Gold:   168        SH: 10    Dex: 18    Spells: 6/6 levels left

rFire    + + .     SeeInvis .   r - +0 long sword
rCold    + . .     Gourm    .   l - +0 buckler {rF+}
rNeg     + . .     Faith    .   i - +3 scale mail
rPois    +         Spirit   .   (helmet restricted)
rElec    +         Reflect  .   s - +0 cloak
rCorr    +         Harm     .   a - +1 pair of gloves
MR       +....                  (no boots)
Stlth    +.........             (no amulet)
HPRegen  0.17/turn              f - ring of positive energy
MPRegen  0.11/turn              q - ring of protection from magic

@: agile, resistant, very slightly contaminated
A: horns 1, large bone plates 2, powered by death 1, spiny 1
a: Depart the Abyss, Bend Space, Banish, Renounce Religion


You were on level 6 of the Dungeon.
You worshipped Lugonu.
Lugonu was most pleased with you.
You were not hungry.

You visited 2 branches of the dungeon, and saw 7 of its levels.
You visited the Abyss 1 time.

You collected 330 gold pieces.
You spent 162 gold pieces at shops.

Inventory:

Hand Weapons
 r - a +0 long sword (weapon)
Armour
 a - a +1 pair of gloves (worn)
 i - a +3 scale mail (worn)
 l - a +0 buckler of fire resistance (worn)
 s - a +0 cloak (worn)
Jewellery
 f - a ring of positive energy (left hand)
 q - a ring of protection from magic (right hand)
Scrolls
 g - 2 scrolls of amnesia
 j - a scroll of fog
 n - 2 scrolls of fear
 p - 3 scrolls of remove curse
 t - 2 scrolls of enchant armour
 u - 2 scrolls of identify
 v - 2 scrolls of teleportation
Potions
 b - 2 potions of mutation
 d - a potion of flight
 k - a potion of brilliance
 w - a potion of ambrosia {unknown}
Comestibles
 c - 10 rations
 m - 6 chunks of flesh


   Skills:
 + Level 3.7 Fighting
 * Level 6.7 Long Blades
 - Level 1.7 Armour
 - Level 0.8 Dodging
 + Level 1.0 Shields
 + Level 3.2 Invocations


You had 6 spell levels left.
You didn't know any spells.

Dungeon Overview and Level Annotations

Branches:
Dungeon (6/15)             Temple (1/1) D:6

Altars:
Ashenzari
Cheibriados
Dithmenos
Elyvilon
Gozag
Kikubaaqudgha
Makhleb
Okawaru
Qazlal
Trog
Uskayaw
Vehumet
Yredelemnul
Zin
The Shining One

Shops:
D:5 ?   D:6 (

Annotations:
D:6 Squigly's ghost, novice DEFE


Innate Abilities, Weirdness & Mutations

You have a pair of small horns on your head.
You are mostly covered in large bone plates. (SH +6)
You regenerate a little health from kills.
You are partially covered in sharp spines.


Message History

You miss Squigly's ghost. Your headbutt misses Squigly's ghost.
Squigly's ghost is heavily damaged.
Squigly's ghost whispers, "You will understand me better in a moment."
Squigly's ghost closely misses you.
You riposte.
You miss Squigly's ghost.
Squigly's ghost is heavily damaged.
You block Squigly's ghost's attack.
You slash Squigly's ghost!
You headbutt Squigly's ghost, but do no damage.
Squigly's ghost is severely damaged.
Squigly's ghost is struck by your spines.
Squigly's ghost hits you!
* * * LOW HITPOINT WARNING * * *
x2 Blink to where?
Press: ? - help, Dir - move target cursor You are very lightly contaminated with residual magic.
As you read the scroll of blinking, it crumbles to dust.
Okay, then.
Squigly's ghost gestures at you while chanting.
The puff of flame hits you! You resist.
You die...

....#..........∩.......
....#........#⌠W⌠......
###...#..##........
...##..###............
#.##....# #........[...
..
..##.###..........###
##..................##
..#.###....[...)....#.
#.@.............#
#...............#
#...............#
#...............#
#...............#
#...............#
##.............##
##.....#..<..##
#############


You could see Squigly's ghost.

Vanquished Creatures
  A sky beast (D:6)
  A centaur (D:6)
  A crimson imp (D:5)
  2 orc priests (D:4)
  Crazy Yiuf (D:4)
  A hound (D:4)
  An orc wizard (D:4)
  A worker ant (D:3)
  3 gnolls (D:2)
  8 adders
  An ooze (D:4)
  3 worms
  10 dart slugs
  A leopard gecko (D:5)
  6 orcs
  3 giant cockroaches
  12 goblins
  4 hobgoblins
  21 jackals
  7 kobolds
  A quokka (D:4)
  A ball python skeleton (D:4)
  7 bats
  A frilled lizard (D:3)
  11 rats
109 creatures vanquished.

Notes
Turn   | Place    | Note
-------+----------+-------------------------------------------
     0 | Abyss:1  | Ketzopolo the Demonspawn Abyssal Knight began the quest for the Orb.
     0 | Abyss:1  | Reached XP level 1. HP: 18/18 MP: 2/2
    52 | Abyss:1  | Noticed a small abomination
    53 | Abyss:1  | Noticed an apocalypse crab
    54 | Abyss:1  | Noticed a small abomination
    55 | D:1      | Escaped the Abyss
    89 | D:1      | Reached skill level 2 in Long Blades
   314 | D:1      | Gained mutation: You have a pair of small horns on your head. [demonic ancestry]
   314 | D:1      | Reached XP level 2. HP: 20/24 MP: 3/3
   856 | D:1      | Reached * piety under Lugonu
  1073 | D:1      | Reached skill level 3 in Long Blades
  1444 | D:2      | Gained mutation: You are partially covered in sharp spines. [demonic ancestry]
  1444 | D:2      | Reached XP level 3. HP: 24/29 MP: 4/4
  1710 | D:2      | Found an iron altar of Okawaru.
  2069 | D:2      | Reached skill level 4 in Long Blades
  2069 | D:2      | Gained mutation: You regenerate a little health from kills. [demonic ancestry]
  2069 | D:2      | Reached XP level 4. HP: 10/35 MP: 5/5
  2583 | D:2      | Reached ** piety under Lugonu
  3114 | D:3      | Gained mutation: You are partially covered in large bone plates. (SH +4) [demonic ancestry]
  3114 | D:3      | Reached XP level 5. HP: 41/41 MP: 6/6
  3147 | D:3      | Reached skill level 5 in Long Blades
  4021 | D:4      | Found a white marble altar of Elyvilon.
  4021 | D:4      | Found a glowing golden altar of the Shining One.
  4022 | D:4      | Found a glowing silver altar of Zin.
  4305 | D:4      | Found a runed door.
  4464 | D:4      | Reached *** piety under Lugonu
  4468 | D:4      | Reached XP level 6. HP: 44/47 MP: 7/7
  4830 | D:4      | Reached skill level 6 in Long Blades
  5225 | D:4      | Noticed Crazy Yiuf
  5229 | D:4      | Killed Crazy Yiuf
  5409 | D:5      | Entered Level 5 of the Dungeon
  5409 | D:5      | Found Yput's Magic Scroll Shop.
  5415 | D:5      | Bought a scroll of identify for 26 gold pieces
  5415 | D:5      | Bought a scroll of enchant armour for 97 gold pieces
  5415 | D:5      | Bought a scroll of teleportation for 39 gold pieces
  5559 | D:5      | Found a shadowy altar of Dithmenos.
  5880 | D:6      | Noticed a sky beast
  5887 | D:6      | Killed a sky beast
  5887 | D:6      | Gained mutation: You are mostly covered in large bone plates. (SH +6) [demonic ancestry]
  5887 | D:6      | Reached XP level 7. HP: 52/52 MP: 7/9
  5914 | D:6      | Found Xeiseih's Antique Weapon Shop.
  5919 | D:6      | Found a staircase to the Ecumenical Temple.
  5930 | Temple   | Entered the Ecumenical Temple
  6241 | D:6      | Reached skill level 1 in Shields
  6253 | D:6      | Noticed Squigly's ghost (novice DEFE)
  6277 | D:6      | HP: 1/53 [Squigly's ghost (3)]
  6285 | D:6      | Killed from afar by Squigly's ghost

Vault maps used:
D:1:      minmay_arrival_four_circles, minmay_hexomino_f4
D:2:      okawaru_trees_2
D:3:      cheibrodos_sewer_entry_bend
D:4:      good_gods_mini_temple, uniq_crazy_yiuf_cottage
D:5:      nicolae_dithmenos_the_darkroom, first_ration, serial_shops,
          nicolae_shop_crystal
D:6:      regret_index_temple_of_mockery, temple_statues, serial_shops,
          shop_fountains
Temple:   minmay_temple_curvy_loop

Skill      XL: |  1  2  3  4  5  6  7 |
---------------+----------------------+-----
Long Blades    | 2 3 4 5 6 |  6.7
Invocations    | 3 |  3.2
Shields        | 1 |  1.0
Fighting       | |  3.7
Armour         | |  1.7
Dodging        | |  0.8

Action                   |  1- 3 |  4- 6 |  7- 9 || total
-------------------------+-------+-------+-------++-------
Melee: Falchion          |    84 |   136 |       ||   220
       Headbutt          |    11 |    33 |     3 ||    47
       Long sword        |       |    43 |    23 ||    66
Invok: Depart the Abyss  |     1 |       |       ||     1
  Use: Scroll            |     6 |     6 |     1 ||    13
       Potion            |       |     1 |     2 ||     3
  Eat: Chunk             |     3 |    12 |       ||    15
       Ration            |       |       |     1 ||     1
Armor: Leather armour    |     6 |       |       ||     6
       Chain mail        |    27 |    43 |       ||    70
       Scale mail        |       |    30 |     7 ||    37
Dodge: Dodged            |    41 |    41 |     4 ||    86
Block: Other             |       |    18 |       ||    18
       Buckler           |       |     2 |    18 ||    20
       Rpst.: Falchion   |    14 |    11 |       ||    25
       Long sword        |       |     3 |     1 ||     4

Table legend:
 A = Spawn XP
 B = Non-spawn XP
 C = Spawn XP percentage of total XP
 D = Spawn monster count
 E = Non-spawn monster count
 F = Spawn count percentage of total count
 G = Total turns spent on level
                    A         B        C        D         E        F      G
               +---------+---------+-------+---------+---------+-------+---------
         Total |       0 |     863 |   0.0 |       0 |     109 |   0.0 |  6285
               +---------+---------+-------+---------+---------+-------+---------
           D:1 |       0 |      32 |   0.0 |       0 |      14 |   0.0 |  1340
           D:2 |       0 |     133 |   0.0 |       0 |      35 |   0.0 |  1460
           D:3 |       0 |     135 |   0.0 |       0 |      28 |   0.0 |  1100
           D:4 |       0 |     260 |   0.0 |       0 |      21 |   0.0 |  1454
           D:5 |       0 |      66 |   0.0 |       0 |       9 |   0.0 |   466
           D:6 |       0 |     237 |   0.0 |       0 |       2 |   0.0 |   108
               +---------+---------+-------+---------+---------+-------+---------
